 Dungeon Crawl Stone Soup version 0.31-a0-152-g6aa68a64a1 (webtiles) character file.

Game seed: 18108004588360068685

102 qw the Shooter (level 4, -1/36 (38) HPs)
             Began as a Minotaur Hunter on June 10, 2023.
             Slain by a wight
             ... wielding a +2 hand axe
              (3 damage)
             ... on level 4 of the Dungeon.
             The game lasted 00:00:49 (2278 turns).

qw the Shooter (Minotaur Hunter)                    Turns: 2278, Time: 00:00:49

HP:   -1/36 (38)    AC:  5    Str: 14 (15) XL:     4   Next: 49%
MP:   3/3           EV: 11    Int:  5 (6)  God:
Gold: 223           SH:  0    Dex: 15 (16) Spells: 3/3 levels left

rFire   . . .        Y - +0 shortbow
rCold   . . .        (shield currently unavailable)
rNeg    . . .        g - +0 ring mail
rPois   .            (helmet restricted)
rElec   .            (no cloak)
rCorr   .            (no gloves)
SInv    .            (no boots)
Will    .....        (no amulet)
Stlth   +            (no ring)
HPRegen 0.26/turn    (no ring)
MPRegen 0.08/turn

%: no passive effects
@: drained
A: horns 2, retaliatory headbutt
a: no special abilities


You were on level 4 of the Dungeon.
You visited 1 branch of the dungeon, and saw 4 of its levels.

You collected 223 gold pieces.


Innate Abilities, Weirdness & Mutations

You have a pair of horns on your head.
You reflexively headbutt those who attack you in melee.


   Skills:
 + Level 3.1 Fighting
 - Level 6.1 Ranged Weapons
 - Level 1.2 Armour
 - Level 2.1 Dodging
 - Level 0.7 Stealth


You had 3 spell levels left.
You didn't know any spells.
Your spell library was empty.

Inventory:

Hand Weapons
 b - a +0 sling of flaming
 Y - a +0 shortbow (weapon)
Armour
 g - a +0 ring mail (worn)
Scrolls
 h - a scroll of identify
Potions
 a - a potion of might {unknown}
 c - a potion of invisibility {unknown}
 d - a potion of cancellation {unknown}
 e - a potion of enlightenment {unknown}
 f - a potion of mutation {unknown}
 i - 4 potions of curing
 j - a potion of heal wounds {unknown}

Dungeon Overview and Level Annotations

Branches:
Dungeon (4/15)
 Temple: D:4-7

Altars:
Uskayaw
Xom


Message History

You kill the endoplasm!
You now have 223 gold pieces (gained 11).
You see here a +0 hand axe.
An orc and a wight come into view.
The orc shouts!
You shoot an arrow. The arrow closely misses the wight.
The arrow hits the orc.
You kill the orc!
A wight comes into view. It is wielding a +0 scimitar.
You shoot an arrow. The arrow closely misses the wight.
An orc priest comes into view. It is wielding a +0 club.
An orc comes into view. It is wielding a +0 mace.
You shoot an arrow. The orc priest shouts!
The arrow hits the wight.
The wight is lightly damaged.
You shoot an arrow.
The arrow hits the wight but does no damage.
The wight is lightly damaged.
A wight comes into view. It is wielding a +5 great sword.
The wight barely misses you. You furiously retaliate!
You headbutt the wight!
The wight moves out of view.
You shoot an arrow.
The arrow hits the wight but does no damage.
The wight is heavily damaged.
The wight misses you.
You shoot an arrow.
The arrow hits the wight but does no damage.
The wight is heavily damaged.
The wight hits you with a +2 hand axe.
You shoot an arrow.
The arrow hits the wight but does no damage.
The wight is heavily damaged.
You shoot an arrow. The arrow closely misses the wight.
The wight closely misses you. The wight misses you.
You shoot an arrow. The arrow closely misses the wight.
The wight hits you with a +2 hand axe! The wight hits you with a +0 scimitar!
You feel drained.
You shoot an arrow. The arrow barely misses the wight.
The wight hits you with a +2 hand axe.
You die...

#...#.........#
...###.........######
########...............#
.......)..<....####..#.#
########.###....# ....
#.# #.##.# .#. #.# #.#
.# .. ##.# #.# .. . #@z#
..# #.. #z## .# #.# #.oo
.. ...... ###.#... ..
.z.. ... ##).. #.# ..#.


You could see 3 wights, an orc priest and an orc.

Vanquished Creatures
  Ijyb (D:3)
  2 adders
  An orc (D:4)
  3 bats (D:3)
  5 endoplasms
  3 giant cockroaches
  5 goblins
  4 hobgoblins
  6 quokkas
  7 ball pythons
  3 frilled lizards (D:1)
  7 kobolds
  4 rats
  A butterfly (D:1)
52 creatures vanquished.

Notes
Turn   | Place    | Note
-------+----------+-------------------------------------------
     0 | D:1      | qw the Minotaur Hunter began the quest for the Orb.
     0 | D:1      | Reached XP level 1. HP: 18/18 MP: 0/0
     0 | D:1      | 0 ||| qw: Version: 0.2-a-122-gbc61b45
     0 | D:1      | 0 ||| qw: Game counter: 3613
     0 | D:1      | 0 ||| qw: Always use a shield: true
     0 | D:1      | 0 ||| qw: God list: Okawaru
     0 | D:1      | 0 ||| qw: Allow faded altars: false
     0 | D:1      | 0 ||| qw: Do Orc after D:15 true
     0 | D:1      | 0 ||| qw: Do second Lair branch before Depths: true
     0 | D:1      | 0 ||| qw: Lair rune preference: random
     0 | D:1      | 0 ||| qw: Plans: Normal
     0 | D:1      | 0 ||| PLANNING D:1-11
   134 | D:1      | Reached XP level 2. HP: 25/25 MP: 1/1
   235 | D:1      | Reached skill level 5 in Ranged Weapons
   365 | D:1      | Reached skill level 3 in Fighting
   528 | D:1      | 528 ||| READING scroll labelled WIVYM SAWNO.
   529 | D:1      | 529 ||| READING scroll labelled QETWIN QEMEA.
   530 | D:1      | 530 ||| READING 2 scrolls labelled ESSEAM TALO.
   531 | D:1      | 531 ||| DRINKING 2 golden potions.
   532 | D:1      | 532 ||| DROPPING scroll of butterflies.
   533 | D:1      | 533 ||| DROPPING potion of degeneration.
   722 | D:2      | Found a shimmering altar of Xom.
   739 | D:2      | Reached XP level 3. HP: 31/31 MP: 2/2
  1072 | D:2      | HP: 7/31 [poisoned by an adder]
  1395 | D:2      | 1395 ||| UPGRADING to +0 ring mail.
  1405 | D:2      | 1405 ||| DROPPING +0 leather armour.
  1406 | D:2      | 1406 ||| READING scroll labelled NOEMICZ PAVULL.
  1407 | D:2      | 1407 ||| READING scroll labelled POUH FYGA DEQ.
  1408 | D:2      | 1408 ||| READING scroll labelled RESSAT URUPHED.
  1409 | D:2      | 1409 ||| READING scroll labelled IPNANA HOVUD.
  1410 | D:2      | 1410 ||| DRINKING 3 pink potions.
  1411 | D:2      | 1411 ||| READING 3 scrolls of identify.
  1411 | D:2      | 1411 ||| IDENTIFYING viscous coppery potion
  1412 | D:2      | 1412 ||| READING 2 scrolls of identify.
  1412 | D:2      | 1412 ||| IDENTIFYING red potion
  1413 | D:2      | 1413 ||| DROPPING potion of lignification.
  1414 | D:2      | 1414 ||| DROPPING potion of magic.
  1416 | D:2      | 1416 ||| Stepping ~*~*~tactically~*~*~ (cloud).
  1551 | D:3      | Reached skill level 1 in Armour
  1646 | D:3      | Found a hide-covered altar of Uskayaw.
  1670 | D:3      | Reached XP level 4. HP: 38/38 MP: 3/3
  1900 | D:3      | Noticed Ijyb
  1921 | D:3      | Killed Ijyb
  1922 | D:3      | Reached skill level 6 in Ranged Weapons
  2277 | D:4      | HP: 8/38 [wight/+0 scimitar (14)]
  2277 | D:4      | HP: 2/36 [wight/+0 scimitar (6)]
  2278 | D:4      | Slain by a wight

Levels and vault maps discovered:
D:1:      dpeg_arrival_shrine, layout_basic, hangedman_glass_garden,
          minivault_23
D:2:      layout_basic, basic_altar, corexii_hall_statues_u
D:3:      layout_loops_ring, mainiacjoe_overflow_boulevard, uniq_ijyb
D:4:      layout_rooms, hangedman_decor_riveting

Skill      XL: |  1  2  3  4 |
---------------+-------------+-----
Ranged Weapons | 5 6 |  6.1
Fighting       | 3 |  3.1
Armour         | 1 |  1.2
Dodging        | |  2.1
Stealth        | |  0.7

Action                     |  1- 3 |  4- 6 || total
---------------------------+-------+-------++-------
   Fire: Shortbow          |   129 |    37 ||   166
    Use: Scroll            |     9 |       ||     9
         Potion            |     2 |       ||     2
 Armour: Leather armour    |     4 |       ||     4
         Ring mail         |     8 |     5 ||    13
  Dodge: Dodged            |    32 |    11 ||    43

Table legend:
 A = Non-vault XP
 B = Vault XP
 C = Vault XP percentage of total XP
 D = Non-vault monster count
 E = Vault monster count
 F = Vault count percentage of total count
                 A         B        C        D         E       F
            +---------+---------+-------+---------+---------+-------
      Total |     110 |      36 |  24.7 |      50 |       1 |   2.0
            +---------+---------+-------+---------+---------+-------
        D:1 |      28 |       0 |   0.0 |      19 |       0 |   0.0
        D:2 |      37 |       0 |   0.0 |      14 |       0 |   0.0
        D:3 |      40 |      36 |  47.4 |      15 |       1 |   6.2
        D:4 |       5 |       0 |   0.0 |       2 |       0 |   0.0
            +---------+---------+-------+---------+---------+-------
